 Dungeon Crawl Stone Soup version 0.26.1-11-gd32895ea62 (webtiles) character file.

Game seed: 13544100568642281428

45 Mattiprrivan the Sneak (level 3, -2/28 HPs)
             Began as a Barachi Brigand on June 9, 2021.
             Slain by an orc
             ... wielding a +0 hand axe
              (3 damage)
             ... on level 2 of the Dungeon.
             The game lasted 00:10:27 (1324 turns).

Mattiprrivan the Sneak (Barachi Brigand)            Turns: 1324, Time: 00:10:27

Health: -2/28      AC:  4    Str: 13    XL:     3   Next: 64%
Magic:  3/3        EV: 12    Int: 11    God:
Gold:   83         SH:  0    Dex: 13    Spells: 2/2 levels left

rFire    . . .     SeeInvis .   a - +2 dagger
rCold    . . .     Faith    .   (no shield)
rNeg     . . .     Spirit   .   b - +1 robe
rPois    .         Reflect  .   (no helmet)
rElec    .         Harm     .   c - +0 cloak
rCorr    .         Rampage  .   (no gloves)
Will     .....                  (no boots)
Stlth    +++.......             (no amulet)
HPRegen  0.09/turn              (no ring)
MPRegen  0.08/turn              (no ring)

@: lethally poisoned (-2 -> -12), slow
A: +LOS, swims, slowness 1, strong legs 1
a: Hop


You were on level 2 of the Dungeon.
You visited 1 branch of the dungeon, and saw 2 of its levels.

You collected 83 gold pieces.

Inventory:

Hand Weapons
 a - a +2 dagger (weapon)
Missiles
 d - 2 poisoned darts (quivered)
 e - 2 curare-tipped darts
Armour
 b - a +1 robe (worn)
 c - a +0 cloak (worn)


   Skills:
 * Level 2.7 Fighting
 * Level 2.5(2.6) Short Blades
 * Level 0.5(1.8) Long Blades
 * Level 2.1 Throwing
 * Level 0.8 Armour
 * Level 1.6 Dodging
 * Level 4.2 Stealth


You had 2 spell levels left.
You didn't know any spells.
Your spell library was empty.

Dungeon Overview and Level Annotations

Branches:
Dungeon (2/15)

Altars:
Trog


Innate Abilities, Weirdness & Mutations

You can be seen from farther away. (+LOS)
You can swim through water.
You cover ground slowly.
You can hop short distances.


Message History

* * * LOW HITPOINT WARNING * * *
Hop to where?
Press: ? - help, Dir - move target, f - you, p - adder
Okay, then.
Hit: a) +2 dagger
Press: ? - help, Dir - move target, f - orc
Aim: an orc, wielding a +0 hand axe and wearing a +0 animal skin You hit the orc.
The orc is heavily wounded.
The adder bites you.
* * * LOW HITPOINT WARNING * * *
Hit: a) +2 dagger
Press: ? - help, Dir - move target, f/p - orc
Aim: an orc, wielding a +0 hand axe and wearing a +0 animal skin (heavily wounded)
You hit the orc.
The orc is severely wounded.
* * * LOW HITPOINT WARNING * * *
You feel sick. The adder barely misses you.
The orc hits you with a +0 hand axe.
You die...

*,* #....,,,**,**,**,,,****, ,,*
#...#*****,,,,,,,,,****, ,,*
#...# ***,,***,,,,,,, *,* #...#
*,,*##*,***** *,* #...#
*,,,.#*,,,,,,
*,**######...#######*,##.#,,,,,,,
*,**...............#*,#..,,*,,...
*,,,.......>..(S...#*,...,***....
****...........o@..#**#.#,,*.....
* *######..†#####.# #†#*,,...,,
** #......,* #.# #.#**...,,, ,*
*#.#...#.* #.# #.#*#.##*** ,*
*#...##(#.# #.####.##...## ,*
*#....,###,# #............## ,*
#..._,,,**,* #######.......# ,*
#....,,,**,* #.##.##.#* ,*
*^##***+**,* #.#*,..,,,


You could see an adder and an orc.

Vanquished Creatures
  2 worms (D:2)
  5 dart slugs
  A leopard gecko (D:1)
  5 bats
  A giant cockroach (D:1)
  4 goblins (D:1)
  3 hobgoblins (D:1)
  2 ball pythons (D:1)
  A frilled lizard (D:2)
  4 rats
28 creatures vanquished.

Notes
Turn   | Place    | Note
-------+----------+-------------------------------------------
     0 | D:1      | Mattiprrivan the Barachi Brigand began the quest for the
                  | Orb.
     0 | D:1      | Reached XP level 1. HP: 17/17 MP: 1/1
   207 | D:1      | Reached XP level 2. HP: 23/23 MP: 2/2
   363 | D:1      | Reached skill level 4 in Stealth
   618 | D:1      | Reached XP level 3. HP: 28/28 MP: 3/3
  1302 | D:2      | Found a bloodstained altar of Trog.
  1324 | D:2      | HP: 1/28 [poisoned by an adder]
  1324 | D:2      | Slain by an orc

Illustrated notes

Levels and vault maps discovered:
D:1:      nzn_arrival_settlement, layout_basic
D:2:      layout_loops_cross, trog_butcher_becter

Skill      XL: |  1  2 |
---------------+-------+-----
Stealth        | 4 |  4.2
Fighting       | |  2.7
Short Blades   | |  2.5
Long Blades    | |  0.5
Throwing       | |  2.1
Armour         | |  0.8
Dodging        | |  1.6

Action                   || total
-------------------------++-------
Melee: Dagger            ||    69
Throw: Dart              ||    24
  Use: Scroll            ||     6
       Potion            ||     3
 Stab: Sleeping          ||     4
Armor: Robe              ||    16
Dodge: Dodged            ||    36
